AoeStats
← Tchitchi d'Afflelou

Arena

509599582Analyzed
4v4 RM · 6d ago on Sep 27, 2026· 40m 14s· 8 players
Game mode
Random Map
Map size
Large (8 player)
Population
200
Speed
Normal
Resources
Standard
Victory
Conquest
Starting age
Dark Age
Ending age
Imperial Age
RankedLock teamsTeams togetherTeam positionsShared explorationLock speedFull tech treeHidden civsTurbo modeCheats
Victory
Defeat
🇦🇺 Italians · Australia
1538
+12
🇨🇿 Goths · Czechia
1532
+12
🇹🇷 Sicilians · Türkiye
1507
+13
🇩🇪 Franks · Germany
1353
+20
🇻🇳 Britons · Vietnam
1476
-16
🇮🇳 Mongols · India
1444
-14
🇫🇷 Vietnamese · France
1441
-14
🇭🇰 Dravidians · Hong Kong SAR China
1417
-13
Tchitchi d'Afflelou
10:00 Feudal Age
14:30 Castle Age
13:00 Double-Bit Axe
13:16 Horse Collar
15:30 Bow Saw
15:30 Heavy Plow
32:55 Imperial Age
34:25 Fletching
37:17 Elite Skirmisher
38:24 Imperial Skirmisher
40:19 Bow Saw
40:57 Wheelbarrow
23
9:00 Feudal Age
12:49 Castle Age
10:56 Double-Bit Axe
11:18 Horse Collar
21:24 Wheelbarrow
21:38 Stone Mining
23:40 Loom
27:23 Imperial Age
25:32 Scale Barding Armor
25:44 Husbandry
26:41 Bloodlines
27:43 Chain Barding Armor
28:19 Elite Steppe Lancer
30:13 Forging
30:54 Gold Mining
33:09 Fletching
33:05 Elite Skirmisher
35:08 Iron Casting
34:49 Imperial Skirmisher
35:26 Bodkin Arrow
36:33 Chemistry
36:00 Padded Archer Armor
36:33 Ballistics
37:15 Bracer
38:06 Siege Engineers
39:03 Blast Furnace
39:12 Leather Archer Armor
Freegan
4:46 Loom
12:33 Feudal Age
16:04 Castle Age
14:33 Double-Bit Axe
14:31 Horse Collar
14:59 Gold Mining
17:40 Pikeman
26:03 Bow Saw
27:13 Heavy Plow
27:05 Stone Mining
27:08 Fletching
29:09 Thumb Ring
29:44 Elite Skirmisher
34:29 Imperial Age
32:36 Wheelbarrow
34:57 Hand Cart
34:54 Bodkin Arrow
35:00 Padded Archer Armor
35:10 Forging
35:00 Scale Mail Armor
35:20 Elite Elephant Archer
38:52 Two-Man Saw
38:29 Iron Casting
38:09 Chain Mail Armor
37:58 Bracer
39:52 Chemistry
39:04 Masonry
40:01 Squires
DALAT_M<O>NGKHAN
10:12 Feudal Age
13:56 Castle Age
12:20 Horse Collar
13:26 Double-Bit Axe
15:40 Bow Saw
18:23 Gold Mining
18:42 Heavy Plow
18:42 Loom
19:46 Wheelbarrow
19:55 Gold Mining
21:46 Hand Cart
22:55 Stone Mining
25:28 Scale Mail Armor
28:10 Imperial Age
25:57 Forging
26:01 Man-at-Arms
26:27 Gambesons
26:42 Squires
27:06 Chain Mail Armor
27:42 Iron Casting
26:51 Long Swordsman
28:39 Gold Shaft Mining
28:01 Arson
28:30 Town Watch
28:23 Two-Handed Swordsman
29:34 Plate Mail Armor
29:27 Conscription
30:26 Blast Furnace
29:16 Champion
30:57 Blast Furnace
31:47 Pikeman
33:33 Chemistry
32:33 Halberdier
35:16 Fletching
38:29 Coinage
39:08 Elite Longbowman
40:37 Yeomen
40:28 Bodkin Arrow
egenem17
10:17 Feudal Age
14:30 Castle Age
12:45 Double-Bit Axe
19:03 Bow Saw
19:22 Loom
21:43 Wheelbarrow
23:57 Hand Cart
27:35 Imperial Age
25:45 Loom
25:45 Town Watch
26:15 Gold Mining
26:33 Scale Barding Armor
26:38 Forging
27:21 Loom
27:43 Cavalier
28:59 Iron Casting
28:45 Chain Barding Armor
28:31 Stone Mining
29:16 Husbandry
29:52 Iron Casting
29:38 Paladin
31:28 Plate Barding Armor
31:10 Masonry
32:02 Chemistry
31:20 Masonry
33:45 Blast Furnace
33:35 Siege Engineers
35:25 Coinage
36:57 Conscription
37:18 Architecture
38:55 Banking
karson.law
9:19 Feudal Age
13:04 Castle Age
11:25 Double-Bit Axe
14:01 Bow Saw
13:37 Horse Collar
20:13 Wheelbarrow
20:15 Heavy Plow
23:01 Gold Mining
27:23 Imperial Age
24:53 Loom
24:54 Town Watch
25:57 Hand Cart
26:39 Town Patrol
27:26 Fletching
27:36 Padded Archer Armor
29:07 Chemistry
28:28 Ballistics
28:57 Thumb Ring
30:47 Bodkin Arrow
31:07 Leather Archer Armor
30:24 Elite Genoese Crossbowman
31:25 Conscription
34:32 Two-Man Saw
34:02 Crop Rotation
34:22 Stone Mining
35:17 Bracer
35:48 Ring Archer Armor
35:32 Masonry
36:54 Coinage
37:52 Hoardings
37:51 Architecture
40:48 Banking
DetectiveYemitoShumafuk
10:01 Feudal Age
14:01 Castle Age
12:49 Scale Mail Armor
12:42 Double-Bit Axe
13:12 Horse Collar
14:15 Loom
16:32 Gold Mining
21:57 Forging
24:20 Iron Casting
32:58 Wheelbarrow
33:40 Bow Saw
33:51 Squires
37:43 Imperial Age
35:40 Hand Cart
35:45 Chain Mail Armor
35:54 Town Watch
37:11 Stone Mining
37:56 Anarchy
37:21 Pikeman
38:07 Halberdier
38:50 Perfusion
40:06 Blast Furnace
39:18 Town Patrol
40:56 Conscription
MKD
7:20 Loom
10:40 Feudal Age
15:13 Castle Age
15:09 Double-Bit Axe
16:40 Horse Collar
21:27 Fervor
23:26 Wheelbarrow
24:48 Bow Saw
25:32 Stone Mining
30:58 Imperial Age
28:46 Hand Cart
29:52 Masonry
31:04 Scale Mail Armor
31:09 Scale Barding Armor
31:15 Forging
31:11 Squires
30:57 Gambesons
31:24 Fletching
32:34 First Crusade
33:07 Elite Serjeant
33:56 Town Watch
34:17 Heavy Plow
35:36 Iron Casting
35:17 Chain Mail Armor
37:20 Blast Furnace
38:20 Bodkin Arrow
38:51 Conscription
39:33 Plate Mail Armor
40:09 Chemistry
39:29 Ballistics
40:01 Bracer
Connection lost

Rejoining the realm…

Still unreachable

The connection could not be restored.

Session expired

The server has moved on; the page needs a fresh start.